AoeStats
← Hitokirivan

Arena

505010617Analyzed
1v1 RM · 26d ago on Sep 7, 2026· 12m 49s· 2 players
Game mode
Random Map
Map size
Tiny (2 player)
Population
200
Speed
Normal
Resources
Standard
Victory
Conquest
Starting age
Dark Age
Ending age
Imperial Age
RankedLock teamsTeams togetherTeam positionsShared explorationLock speedFull tech treeHidden civsTurbo modeCheats
Victory
Defeat
🇨🇳 Sicilians · China
1042
+15
🇵🇪 Persians · Peru
1018
-15
Hitokirivan
11:16 Feudal Age
11:41 Town Watch
11:42 Loom
3230289630
6:05 Loom
6:09 Loom
9:17 Feudal Age
10:01 Stone Mining
10:04 Double-Bit Axe
Connection lost

Rejoining the realm…

Still unreachable

The connection could not be restored.

Session expired

The server has moved on; the page needs a fresh start.